 Dungeon Crawl Stone Soup version 0.24.0-13-gcf9b319 (webtiles) character file.

Game seed: 5417906115739878957, levelgen mode: deterministic

9 EndlessMike the Gusty (level 2, 14/19 HPs)
             Began as a Demonspawn Wanderer on Apr 15, 2020.
             Got out of the dungeon alive.
             The game lasted 00:00:40 (489 turns).

EndlessMike the Gusty (Demonspawn Wanderer)          Turns: 489, Time: 00:00:41

Health: 14/19      AC:  2    Str: 13    XL:     2   Next: 6%
Magic:  3/3        EV: 11    Int: 11    God:
Gold:   34         SH:  0    Dex: 13    Spells: 3/3 levels left

rFire    . . .     SeeInvis .   a - +2 dagger
rCold    . . .     Gourm    .   (no shield)
rNeg     . . .     Faith    .   e - +0 robe
rPois    .         Spirit   .   (helmet restricted)
rElec    .         Reflect  .   (no cloak)
rCorr    .         Harm     .   (no gloves)
MR       .....                  (no boots)
Stlth    +.........             (no amulet)
HPRegen  0.06/turn              (no ring)
MPRegen  0.08/turn              (no ring)

@: no status effects
A: antennae 1
a: no special abilities


You escaped.
You were not hungry.

You visited 1 branch of the dungeon, and saw 1 of its levels.

You collected 34 gold pieces.

Inventory:

Hand Weapons
 a - a +2 dagger (weapon)
Missiles
 b - 4 curare-tipped darts (quivered)
Armour
 e - a +0 robe (worn)
Scrolls
 d - 3 scrolls of identify {unknown}
 g - a scroll of enchant armour {unknown}
Potions
 c - 2 potions of heal wounds {unknown}
Comestibles
 f - a ration


   Skills:
 - Level 1.0 Throwing
   Level 1.0 Shields
 + Level 1.5 Unarmed Combat
 - Level 1.0 Spellcasting
   Level 1.7 Charms
   Level 1.0 Ice Magic
   Level 2.6 Air Magic
   Level 1.0 Poison Magic


You had 3 spell levels left.
You didn't know any spells.
Your spell library contained the following spells:

 Spells                   Type           Power        Failure   Level  Hunger
 Shock                    Conj/Air       #...         19%         1    ##.....
 Freeze                   Ice            #...         22%         1    ##.....
 Ozocubu's Armour         Chrm/Ice       #.......     50%         3    ####...
 Static Discharge         Conj/Air       #.......     50%         3    ####...


Dungeon Overview and Level Annotations

Branches:
Dungeon (1/15)

Altars:


Innate Abilities, Weirdness & Mutations

You have a pair of small antennae on your head.


Message History

The dart slug is heavily wounded.
The dart slug bites you.
You hit the dart slug but do no damage.
The dart slug is heavily wounded.
The dart slug bites you but does no damage.
You hit the dart slug.
The dart slug is severely wounded.
You hit the dart slug.
The dart slug is almost dead.
The dart slug bites you but does no damage.
You hit the dart slug.
You kill the dart slug!
You have reached level 2!
Your demonic ancestry asserts itself...
A pair of antennae grows on your head!
d - 3 scrolls labeled SUARUAS OCVITE (gained 1)
There is a staircase leading out of the dungeon here.
You can't go down here!
Are you sure you want to leave the Dungeon?
This will make you lose the game!
You have escaped!

#####
####...#
#..#.#@#
#.##.####
#.......##
####.....#
#........#
#.##.###.#
#..#.#.#.#
####...#.#
#####.#


There were no monsters in sight!

Vanquished Creatures
  A dart slug (D:1)
  A giant cockroach (D:1)
  2 goblins (D:1)
  A hobgoblin (D:1)
  A bat (D:1)
  A kobold (D:1)
7 creatures vanquished.

Notes
Turn   | Place    | Note
-------+----------+-------------------------------------------
     0 | D:1      | EndlessMike the Demonspawn Wanderer began the quest for the
                  | Orb.
     0 | D:1      | EndlessMike set off with the following items: a +2 dagger,
                  | 4 curare-tipped darts, a +0 robe, a ration; and the
                  | following spells available to memorise: Shock, Freeze,
                  | Ozocubu's Armour, Static Discharge
     0 | D:1      | Reached XP level 1. HP: 13/13 MP: 2/2
   172 | D:1      | Reached skill level 1 in Unarmed Combat
   433 | D:1      | Gained mutation: You have a pair of small antennae on your
                  | head. [demonic ancestry]
   433 | D:1      | Reached XP level 2. HP: 10/19 MP: 3/3
   489 | D:$      | Got out of the dungeon alive.

Levels and vault maps discovered:
D:1:      onia_arrival_mini_spirals, layout_rooms, serial_glass,
          glass_columns_a, glass_columns_b, glass_columns_a, glass_columns_a,
          glass_columns_a, glass_columns_b, glass_columns_b, glass_columns_a,
          glass_columns_a, glass_columns_a

Skill      XL: |  1 |
---------------+----+-----
Unarmed Combat | 1 |  1.5
Throwing       | |  1.0
Shields        | |  1.0
Spellcasting   | |  1.0
Charms         | |  1.7
Ice Magic      | |  1.0
Air Magic      | |  2.6
Poison Magic   | |  1.0

Action                   || total
-------------------------++-------
Melee: Dagger            ||    29
Armor: Robe              ||     9
Dodge: Dodged            ||    13
